 Dungeon Crawl Stone Soup version 0.30-a0-779-g7971cf19c3 (webtiles) character file.

Game seed: 12311661414021029148

3098 Flugslaktarn the Cleaver (level 9, -5/81 HPs)
             Began as a Minotaur Fighter on Feb 17, 2023.
             Was an Initiate of Gozag.
             Killed from afar by Maggie (28 damage)
             ... with a bolt of fire
             ... on level 6 of the Dungeon.
             The game lasted 00:03:40 (5821 turns).

Flugslaktarn the Cleaver (Minotaur Fighter)         Turns: 5821, Time: 00:03:41

Health: -5/81      AC: 15    Str: 26    XL:     9   Next: 59%
Magic:  8/8        EV:  8    Int:  5    God:    Gozag
Gold:   609        SH:  5    Dex:  9    Spells: 8/8 levels left

rFire   . . .      SeeInvis .    a - +0 war axe
rCold   . . .      Faith    .    c - +0 buckler
rNeg    . . .      Spirit   .    w - +0 chain mail
rPois   .          Reflect  .    (helmet restricted)
rElec   .          Harm     .    v - +0 cloak
rCorr   +          Rampage  .    p - +2 pair of gloves
Will    .....                    (no boots) Stlth
                                 (no amulet)
HPRegen 0.33/turn                k - ring of resist corrosion
MPRegen 0.11/turn                (no ring)

@: gold aura
A: horns 2, retaliatory headbutt
a: Renounce Religion, Potion Petition, Call Merchant, Bribe Branch


You were on level 6 of the Dungeon.
You worshipped Gozag.
Gozag was pleased with you.
You visited 2 branches of the dungeon, and saw 7 of its levels.
You also visited: Sewer.

You collected 679 gold pieces.
You paid 70 gold pieces to Gozag.

Inventory:

Hand Weapons
 a - a +0 war axe (weapon)
Armour
 c - a +0 buckler (worn)
 p - a +2 pair of gloves (worn)
   (You found it on level 2 of the Dungeon)
 v - a +0 cloak (worn)
   (You took it off Crazy Yiuf on level 3 of the Dungeon)
 w - a +0 chain mail (worn)
   (You found it on level 2 of the Dungeon)
Jewellery
 k - a ring of resist corrosion (left hand)
   (You found it on level 3 of the Dungeon)
Wands
 y - a wand of charming (10)
   (You found it on level 6 of the Dungeon)
 A - a wand of iceblast (4)
   (You took it off Pikel on level 6 of the Dungeon)
Scrolls
 g - 2 scrolls of poison
 i - 2 scrolls of immolation
 l - 3 scrolls of magic mapping
 o - a scroll of fog
 r - a scroll of identify
 t - 2 scrolls of teleportation
 x - a scroll of enchant armour {unknown}
 z - a scroll of blinking
Potions
 b - a potion of experience {unknown}
 d - a potion of might
 e - a potion of attraction
 f - a potion of brilliance
 h - a potion of haste
 j - 3 potions of flight
 m - a potion of degeneration {unknown}
 n - 3 potions of resistance
 q - 2 potions of lignification
 s - 4 potions of heal wounds {unknown}
 u - a potion of curing {unknown}


   Skills:
 + Level 8.0 Fighting
 * Level 10.4 Axes
 + Level 8.0 Armour
 + Level 8.0 Shields
 + Level 1.4 Evocations


You had 8 spell levels left.
You didn't know any spells.
Your spell library was empty.

Dungeon Overview and Level Annotations

Branches:
Dungeon (6/15)             Temple (1/1) D:4           Sewer (visited)

Altars:
Ashenzari
Cheibriados
Dithmenos
Elyvilon
Fedhas
Gozag
Hepliaklqana
Kikubaaqudgha
Makhleb
Nemelex Xobeh
Okawaru
Qazlal
Ru
Sif Muna
Trog
Uskayaw
Vehumet
Wu Jian
Xom
Yredelemnul
Zin
The Shining One
Ignis

Annotations:
D:3 2 transporters, sanka's ghost, amateur DrMo
D:6 Maggie


Innate Abilities, Weirdness & Mutations

You have a pair of horns on your head.
You reflexively headbutt those who attack you in melee.


Message History

You see here a +0 sling.
A scorpion comes into view.
A scorpion is nearby!
A scorpion is nearby!
A scorpion is nearby!
You hit the scorpion.
The scorpion is lightly wounded.
The scorpion barely misses you.
You closely miss the scorpion.
The scorpion is lightly wounded.
The scorpion stings you.
You are poisoned.
The scorpion poisons you!
You hit the scorpion but do no damage.
You headbutt the scorpion, but do no damage.
The scorpion is lightly wounded.
You feel very sick.
The scorpion stings you but does no damage.
You hit the scorpion but do no damage. You headbutt the scorpion.
The scorpion is moderately wounded.
You feel sick.
The scorpion stings you but does no damage.
The scorpion closely misses you.
A scorpion is nearby!
A scorpion is nearby!
You closely miss the scorpion. You headbutt the scorpion.
The scorpion is severely wounded.
You feel sick. You block the scorpion's attack.
You hit the scorpion. You headbutt the scorpion.
You kill the scorpion!
You feel sick.
Your Armour skill increases to level 8!
You feel sick.
You now have 609 gold pieces (gained 5).
You feel sick.
No target in view!
You feel sick.
No target in view!
You feel sick.
You feel sick.
You feel sick.
You are no longer poisoned.
Maggie the Vainglorious comes into view.
She is wielding a +0 long sword and carrying a wand of mindburst (17).
Maggie shouts!
Maggie is nearby!
Maggie is nearby!
Maggie is nearby!
Maggie hits you but does no damage. Maggie hits you but does no damage.
You hit Maggie. You headbutt Maggie.
Maggie is lightly wounded.
Maggie casts a spell.
Maggie attempts to bespell you!
You are mesmerised by Maggie!
You slash Maggie!
Maggie is moderately wounded.
Maggie hits you with a +0 long sword!
You barely miss Maggie.
Maggie is moderately wounded.
Maggie barely misses you. You furiously retaliate!
You headbutt Maggie!
A jelly comes into view.
You hit Maggie but do no damage.
Maggie is heavily wounded.
Maggie hits you with a +0 long sword.
You barely miss Maggie.
Maggie is heavily wounded.
Maggie closely misses you. You furiously retaliate!
You headbutt Maggie! You barely miss Maggie.
Maggie is severely wounded.
You hit the jelly.
Your hands burn!
Maggie zaps a wand.
Your mind is blasted!
You block the jelly's attack.
You hit Maggie but do no damage. You headbutt Maggie!
Maggie is severely wounded.
You barely miss the jelly.
Maggie zaps a wand.
Your mind is blasted!
The jelly hits you but does no damage.
You barely miss Maggie. You headbutt Maggie.
Maggie is almost dead.
You slash the jelly!
You kill the jelly!
Maggie hits you but does no damage.
You barely miss Maggie.
Maggie is almost dead.
Maggie hits you with a +0 long sword!
You are too injured to fight recklessly!
You are too injured to fight recklessly!
You hit Maggie.
Maggie is almost dead.
Maggie hits you with a +0 long sword!
* * * LOW HITPOINT WARNING * * *
You barely miss Maggie.
Maggie is almost dead.
You break out of your daze.
Maggie mumbles some strange words.
Maggie attempts to bespell you! You resist.
You hit Maggie but do no damage.
Maggie is almost dead.
Maggie gestures at you while chanting. The bolt of fire hits you!!
You die...
Your body crumbles into a pile of gold.

#...#.####.###.#.#.#####
#####.####.# #.#.#.#
#..........# #.#.#.#####
############ #.#.#......
$# #.#.####### +. $
#.#.# #+#..#+ #.#.#
#.....$##### #.#.#######
#.....@@...# #..........
#+#..#+###.# #####.#####
$+ #.# #.# #.. $
##.#######.###.#
#..........)....
##########.###.#
#.......# #.. #.#######
### #


You could see Maggie.

Vanquished Creatures
  Pikel (D:6)
  Grinder (D:5)
  Sigmund (D:6)
  A wraith (D:6)
  Eustachio (D:6)
  A steam dragon (D:6)
  Menkaure (D:4)
  Edmund (D:5)
  Duvessa (D:5)
  An orc warrior (D:6)
  3 ogres (D:5)
  A lemure (D:6)
  A phantom (D:6)
  3 bullfrogs
  A necrophage (D:6)
  3 scorpions
  Dowan (D:5)
  2 jellies
  3 hounds
  Crazy Yiuf (D:3)
  3 orc priests
  3 iguanas
  Ijyb (D:3)
  3 orc wizards
  Robin (D:3)
  9 adders
  An ufetubus (D:4)
  A worm (D:3)
  A dart slug (D:5)
  22 orcs
  13 ball pythons
  6 endoplasms
  6 giant cockroaches
  18 goblins
  7 hobgoblins
  4 jackals (D:1)
  8 quokkas
  6 bats
  13 frilled lizards
  5 kobolds (D:1)
  6 rats
166 creatures vanquished.

Notes
Turn   | Place    | Note
-------+----------+-------------------------------------------
     0 | D:1      | Flugslaktarn the Minotaur Fighter began the quest for the
                  | Orb.
     0 | D:1      | Reached XP level 1. HP: 19/19 MP: 0/0
    89 | D:1      | Reached XP level 2. HP: 27/27 MP: 1/1
   254 | D:1      | Reached skill level 3 in Axes
   461 | D:1      | Found a faded altar of an unknown god.
   470 | D:1      | Reached XP level 3. HP: 31/33 MP: 2/2
  1106 | D:2      | You fall into a shaft and drop 2 floors!
  1180 | D:3      | Found a transporter.
  1212 | D:3      | Noticed sanka's ghost (amateur DrMo)
  1243 | D:3      | Noticed Ijyb
  1259 | D:3      | Killed Ijyb
  1260 | D:3      | Reached skill level 4 in Axes
  1260 | D:3      | Reached XP level 4. HP: 8/40 MP: 3/3
  1285 | D:3      | Noticed Robin
  1554 | D:3      | Killed Robin
  1563 | D:3      | Reached XP level 5. HP: 45/47 MP: 4/4
  1665 | D:3      | Found a transporter.
  1705 | D:3      | Found a glowing drain.
  1710 | Sewer    | Entered a sewer
  1812 | Sewer    | Reached skill level 5 in Axes
  1992 | Sewer    | Reached skill level 5 in Fighting
  1992 | Sewer    | Reached XP level 6. HP: 50/56 MP: 5/5
  2028 | Sewer    | Reached skill level 5 in Armour
  2028 | Sewer    | Reached skill level 5 in Shields
  2555 | D:3      | Found a runed translucent door.
  2556 | D:3      | Noticed Crazy Yiuf
  2564 | D:3      | Killed Crazy Yiuf
  2671 | D:4      | Reached skill level 6 in Axes
  2714 | D:4      | Noticed Menkaure
  2718 | D:4      | Killed Menkaure
  2719 | D:4      | Reached XP level 7. HP: 21/61 MP: 6/6
  2883 | D:4      | Found a staircase to the Ecumenical Temple.
  2917 | Temple   | Entered the Ecumenical Temple
  2977 | Temple   | Became a worshipper of Gozag Ym Sagoz the Greedy
  3307 | D:4      | Found an iron altar of Okawaru.
  3307 | D:4      | Found a broken altar of Ashenzari.
  3518 | D:5      | Entered Level 5 of the Dungeon
  3709 | D:5      | Found a radiant altar of Vehumet.
  3710 | D:5      | Found a stormy altar of Qazlal.
  3711 | D:5      | Found a hide-covered altar of Uskayaw.
  3711 | D:5      | Found a shimmering blue altar of Sif Muna.
  3711 | D:5      | Found a glowing silver altar of Zin.
  3711 | D:5      | Found a bloodstained altar of Trog.
  3712 | D:5      | Found a basalt altar of Yredelemnul.
  3712 | D:5      | Found a blossoming altar of Fedhas.
  3727 | D:5      | Reached skill level 7 in Axes
  3749 | D:5      | Noticed Edmund
  3758 | D:5      | Killed Edmund
  3759 | D:5      | Reached XP level 8. HP: 70/70 MP: 7/7
  4183 | D:5      | Noticed Grinder
  4193 | D:5      | Killed Grinder
  4194 | D:5      | Reached skill level 8 in Axes
  4526 | D:5      | Noticed Duvessa
  4527 | D:5      | Noticed Dowan
  4535 | D:5      | Killed Dowan
  4778 | D:5      | Killed Duvessa
  4973 | D:6      | Reached skill level 9 in Axes
  5056 | D:6      | Reached XP level 9. HP: 67/79 MP: 8/8
  5358 | D:6      | Noticed Eustachio
  5368 | D:6      | Killed Eustachio
  5377 | D:6      | Noticed Sigmund
  5392 | D:6      | Killed Sigmund
  5403 | D:6      | Noticed Pikel
  5417 | D:6      | Killed Pikel
  5418 | D:6      | Reached skill level 10 in Axes
  5418 | D:6      | Reached skill level 1 in Evocations
  5805 | D:6      | Noticed Maggie
  5821 | D:6      | Killed from afar by Maggie

Illustrated notes

Levels and vault maps discovered:
D:1:      dpeg_arrival_ternary, layout_basic,
          hellmonk_ecumenical_altar_dog_temple, minmay_split_cup_large
D:2:      layout_loops_ring, minmay_pentomino_q4
D:3:      layout_rooms, gammafunk_ghost_mausoleum, gup_sewer_entry_bowl,
          dreamdust_wishing_well, palyth_stone_intersect,
          kennysheep_generic_room_14, uniq_ijyb, uniq_crazy_yiuf_cottage,
          uniq_robin
D:4:      layout_cave_pools, chequers_temple_overflow_statue_of_worship,
          temple_doors_e, roderic_serpentine_path, wad_floor_pattern_untrapped,
          uniq_menkaure
D:5:      layout_cave_pods, grunt_temple_overflow_open, uniq_grinder,
          uniq_edmund, uniq_duvessa
D:6:      layout_loops_ring, minivault_10, roderic_nine_men_s_morris,
          uniq_pikel, uniq_sigmund, uniq_eustachio, uniq_maggie
Temple:   ebering_untended_altars

Skill      XL: |  1  2  3  4  5  6  7  8  9 |
---------------+----------------------------+-----
Axes           | 3 4 5 6 7 9 10 | 10.4
Armour         | 4 5 6 7 8 |  8.0
Shields        | 4 5 6 7 8 |  8.0
Fighting       | 4 5 6 7 8 |  8.0
Evocations     | 1 |  1.4

Action                     |  1- 3 |  4- 6 |  7- 9 || total
---------------------------+-------+-------+-------++-------
  Melee: War axe           |   104 |   150 |   187 ||   441
         Headbutt          |     7 |    12 |    36 ||    55
    Use: Scroll            |       |       |    10 ||    10
         Potion            |       |       |     4 ||     4
 Armour: Scale mail        |    54 |       |       ||    54
         Chain mail        |    14 |   121 |    96 ||   231
  Dodge: Dodged            |    50 |    70 |    56 ||   176
  Block: Buckler           |    31 |    46 |    35 ||   112

Table legend: (Time is in decaauts)
 A = Elapsed time spent in this place.
 B = Non-inter-level travel time spent in this place.
 C = Inter-level travel time spent in this place.
 D = Time resting spent in this place.
 E = Time spent auto-exploring this place.
 F = Levels seen in this place.
 G = Mean time per level.
                   A        B        C        D        E       F      G
               +--------+--------+--------+--------+--------+-----+--------+
         Total |   5989 |   5827 |    162 |    529 |   4054 |   8 |  748.6 |
       Dungeon |   5273 |   5122 |    151 |    529 |   3549 |   6 |  878.8 |
        Temple |     71 |     61 |     10 |      0 |     41 |   1 |   71.0 |
         Sewer |    644 |    644 |      0 |      0 |    464 |   1 |  644.0 |
               +--------+--------+--------+--------+--------+-----+--------+

Top non-repeatable levels by time:
     D:5: 1165 daAuts
     D:4: 1104 daAuts
     D:6: 889 daAuts
     D:1: 883 daAuts
     D:3: 816 daAuts
   Sewer: 644 daAuts
     D:2: 413 daAuts
  Temple: 71 daAuts
